 Dungeon Crawl Stone Soup version 0.24-a0-189-g5d897e9 (webtiles) character file.

Game seed: 5143963851707857908

6846 Lanoc the Cleaver (level 10, -11/91 HPs)
             Began as a Minotaur Gladiator on Mar 17, 2019.
             Was a Follower of Qazlal.
             Mangled by an orc warrior
             ... wielding a +0 trident
              (19 damage)
             ... on level 9 of the Dungeon.
             The game lasted 00:13:40 (7456 turns).

Lanoc the Cleaver (Minotaur Gladiator)              Turns: 7456, Time: 00:13:41

Health: -11/91     AC:  4    Str: 19    XL:     10   Next: 78%
Magic:  9/9        EV: 17    Int:  5    God:    Qazlal [*.....]
Gold:   375        SH:  6    Dex: 17    Spells: 9/9 levels left

rFire    . . .     SeeInvis .   a - +0 war axe
rCold    + . .     Gourm    .   t - +0 buckler
rNeg     + . .     Faith    .   b - +0 leather armour
rPois    .         Spirit   .   i - +0 hat {MR+}
rElec    .         Reflect  .   (no cloak)
rCorr    .         Harm     .   (no gloves)
MR       +....     Clarity  +   (no boots)
Stlth    +.........             (no amulet)
HPRegen  0.25/turn              u - ring "Saesas" {rC+ rN+}
MPRegen  0.11/turn              (no ring)

@: lethally poisoned (-11 -> -12), hasted, very quick
A: retaliatory headbutt, horns 2, agile 1, clarity, no potion heal 1
a: Renounce Religion


You were on level 9 of the Dungeon.
You worshipped Qazlal.
Qazlal was aware of your devotion.
You were not hungry.

You visited 2 branches of the dungeon, and saw 10 of its levels.
You also visited: Ossuary.

You collected 396 gold pieces.
You spent 21 gold pieces at shops.

Inventory:

Hand Weapons
 a - a +0 war axe (weapon)
 o - a +0 battleaxe
Missiles
 d - 3 throwing nets (quivered)
Armour
 b - a +0 leather armour (worn)
 i - a +0 hat of magic resistance (worn)
 t - a +0 buckler (worn)
Jewellery
 u - the ring "Saesas" (left hand) {rC+ rN+}
   (You found it on level 8 of the Dungeon)

   [ring of protection from cold]

   It protects you from cold.
   It protects you from negative energy.
Wands
 s - a wand of iceblast (9)
 v - a wand of disintegration (14)
Scrolls
 e - 2 scrolls of enchant armour {unknown}
 g - a scroll of teleportation
 h - a scroll of fear {unknown}
 j - a scroll of magic mapping {unknown}
 k - 5 scrolls of remove curse
 p - a scroll of immolation
 r - a scroll of amnesia
Potions
 l - a potion of magic
 m - a potion of might
Comestibles
 f - 8 rations
 w - 5 chunks of flesh


   Skills:
 + Level 9.2 Fighting
 * Level 12.7 Axes
 - Level 2.0 Throwing
 + Level 8.8 Armour
 + Level 8.8 Dodging


You had 9 spell levels left.
You didn't know any spells.
Your spell library contained the following spells:

 Spells                   Type           Power        Failure   Level  Hunger
 Irradiate                Conj/Tmut      #.........   100%        5    ######.
 Hydra Form               Tmut           #.........   100%        6    #######
 Statue Form              Tmut/Erth      #........    100%        6    #######
 Dragon Form              Tmut           #.........   100%        7    #######


Dungeon Overview and Level Annotations

Branches:
Dungeon (9/15)             Temple (1/1) D:7
   Lair: D:8-11         Orc: D:9-12

Altars:
Ashenzari
Cheibriados
Dithmenos
Elyvilon
Fedhas
Gozag
Hepliaklqana
Kikubaaqudgha
Makhleb
Okawaru
Qazlal
Ru
Sif Muna
Trog
Uskayaw
Vehumet
Wu Jian
Xom
Yredelemnul
Zin
The Shining One

Shops:
D:4 *[   D:5 [

Annotations:
D:4 Lanoc's ghost, amateur MiGl


Innate Abilities, Weirdness & Mutations

You reflexively headbutt those who attack you in melee.
You have a pair of horns on your head.
You are agile. (Dex +2)
You possess an exceptional clarity of mind.
Potions are less effective at restoring your health.


Message History

* * * LOW HITPOINT WARNING * * *
A gnoll comes into view. It is wielding a +0 whip.
The orc priest invokes the aid of Beogh against you.
Beogh smites you!
* * * LOW HITPOINT WARNING * * *
The killer bee completely misses you. You furiously retaliate!
You headbutt the killer bee!
The gnoll shouts!
It was a potion of mutation.
You feel extremely strange.
You feel agile.
Your system partially rejects the healing effects of potions.
Your thoughts seem clearer.
You block the killer bee's attack. The orc warrior closely misses you.
The killer bee stings you.
* * * LOW HITPOINT WARNING * * *
It was a potion of haste.
You feel yourself speed up.
You feel sick.
The gnoll shouts!
The killer bee closely misses you.
The orc warrior hits you from afar with a +0 trident!!
You die...

...## #..#
...## #..#
##..# ####
##..##
##..######..##
#..)......###
#...#######
#..## #.@##
#.oy# #..)o.#
####g..# #....
#..).. g.g..
.... ..g.


You could see an orc warrior, a killer bee, an orc priest and 3 gnolls.

Vanquished Creatures
  Gastronok (D:8)
  2 two-headed ogres (D:8)
  A hippogriff (D:8)
  2 wraiths
  Sigmund (D:4)
  A hungry ghost (D:9)
  Menkaure (D:4)
  A sky beast (D:7)
  An ice beast (D:7)
  2 orc warriors
  A phantom (D:7)
  A necrophage (D:8)
  An ogre (D:9)
  3 centaurs
  An elf zombie (Ossuary)
  A gnoll sergeant (D:7)
  4 bullfrogs
  3 scorpions
  2 killer bees (D:9)
  5 howler monkeys
  4 crimson imps
  3 centaur zombies
  A bullfrog zombie (D:7)
  4 hounds
  A human zombie (Ossuary)
  2 jellies
  4 orc priests
  7 orc wizards
  3 iguanas
  9 worker ants
  A killer bee zombie (D:8)
  A hound zombie (D:4)
  3 mummies (Ossuary)
  10 gnolls
  A howler monkey skeleton (D:8)
  5 adders
  A shadow imp (D:5)
  6 adder zombies
  A worm (D:5)
  A leopard gecko (D:4)
  28 orcs
  4 bats
  5 giant cockroaches
  2 hobgoblins (D:3)
  6 jackals
  4 quokkas
  4 frilled lizards
  2 gnoll zombies (Ossuary)
  2 goblins
  2 goblin zombies (Ossuary)
  4 hobgoblin zombies (Ossuary)
  A jackal skeleton (D:7)
  6 jackal zombies (Ossuary)
  6 kobolds
  3 kobold zombies (Ossuary)
  A leopard gecko zombie (D:8)
  3 orc zombies (Ossuary)
  4 quokka zombies (Ossuary)
  5 rats
  4 rat zombies (Ossuary)
199 creatures vanquished.

Vanquished Creatures (others)
  An orc (D:9)
  2 bushes (D:9)
  A fungus (D:9)
  5 plants (D:9)
9 creatures vanquished.

Grand Total: 208 creatures vanquished

Notes
Turn   | Place    | Note
-------+----------+-------------------------------------------
     0 | D:1      | Lanoc the Minotaur Gladiator began the quest for the Orb.
     0 | D:1      | Reached XP level 1. HP: 18/18 MP: 0/0
    76 | D:2      | Reached XP level 2. HP: 19/25 MP: 1/1
    83 | D:2      | Found a basalt altar of Yredelemnul.
    93 | D:3      | Reached skill level 4 in Axes
   154 | D:3      | Reached skill level 1 in Armour
   405 | D:3      | Reached XP level 3. HP: 30/30 MP: 2/2
   545 | D:4      | Found Heixt's Assorted Antiques.
   552 | D:4      | Bought a scroll labeled MATAUNUSMA for 21 gold pieces
   559 | D:4      | Reached XP level 4. HP: 28/38 MP: 3/3
   737 | D:4      | Noticed Sigmund
   739 | D:4      | Reached skill level 5 in Axes
   748 | D:4      | Killed Sigmund
   748 | D:4      | Reached XP level 5. HP: 40/46 MP: 4/4
   825 | D:4      | Reached XP level 6. HP: 40/52 MP: 5/5
   829 | D:4      | Reached skill level 6 in Axes
  1065 | D:4      | Found Xepolyuf's Antique Armour Boutique.
  1226 | D:4      | Noticed Menkaure
  1231 | D:4      | Killed Menkaure
  1231 | D:4      | Reached XP level 7. HP: 32/60 MP: 6/6
  1402 | D:4      | Reached skill level 5 in Dodging
  1430 | D:4      | Found a runed translucent gate.
  1430 | D:4      | Found a runed translucent gate.
  1435 | D:4      | Found a runed translucent gate.
  1435 | D:4      | Noticed Lanoc's ghost (amateur MiGl)
  1514 | D:5      | Entered Level 5 of the Dungeon
  1520 | D:5      | HP: 2/60 [adder (2)]
  1580 | D:5      | Reached skill level 7 in Axes
  1728 | D:5      | Found a sand-covered staircase.
  1819 | Ossuary  | Entered an ossuary
  2129 | Ossuary  | Reached skill level 5 in Fighting
  2400 | D:5      | Found Yphothag's Armour Shoppe.
  2718 | D:5      | Reached XP level 8. HP: 44/69 MP: 7/7
  2933 | D:5      | Reached skill level 8 in Axes
  3022 | D:6      | Found an iron altar of Okawaru.
  3051 | D:6      | Reached skill level 5 in Armour
  3860 | D:6      | Found a bloodstained altar of Trog.
  3868 | D:6      | Reached skill level 9 in Axes
  4075 | D:6      | Found a glowing golden altar of the Shining One.
  4572 | D:7      | Found a staircase to the Ecumenical Temple.
  4581 | Temple   | Entered the Ecumenical Temple
  4768 | Temple   | Became a worshipper of Qazlal Stormbringer
  4801 | D:7      | Reached XP level 9. HP: 68/78 MP: 8/8
  4833 | D:7      | Found a hide-covered altar of Uskayaw.
  5005 | D:7      | Found a sacrificial altar of Ru.
  5108 | D:7      | Found a deep blue altar of Sif Muna.
  5110 | D:7      | Found a white marble altar of Elyvilon.
  5403 | D:8      | Noticed a two-headed ogre
  5415 | D:8      | Killed a two-headed ogre
  5415 | D:8      | Reached skill level 10 in Axes
  6006 | D:8      | Noticed Gastronok
  6300 | D:8      | Reached * piety under Qazlal
  6310 | D:8      | Noticed a two-headed ogre
  6328 | D:8      | Killed a two-headed ogre
  6328 | D:8      | Reached skill level 11 in Axes
  6328 | D:8      | Reached XP level 10. HP: 19/87 MP: 9/9
  6708 | D:8      | Killed Gastronok
  6708 | D:8      | Reached skill level 12 in Axes
  6741 | D:8      | Got a sparkling bone ring
  6742 | D:8      | Identified the ring "Saesas" {rC+ rN+} (You found it on
                  | level 8 of the Dungeon)
  6978 | D:8      | Found an ancient bone altar of Kikubaaqudgha.
  7455 | D:9      | Gained mutation: You are agile. (Dex +2) [potion of
                  | mutation]
  7455 | D:9      | Gained mutation: Potions are less effective at restoring
                  | your health. [potion of mutation]
  7455 | D:9      | Gained mutation: You possess an exceptional clarity of
                  | mind. [potion of mutation]
  7456 | D:9      | Mangled by an orc warrior

Levels and vault maps discovered:
D:1:      erik_arrival_triangle_small, layout_basic,
          nemelex_diamond_rough_becter
D:2:      layout_basic, lemuel_crystal_altar, first_ration
D:3:      layout_rooms, grunt_ministairs_5
D:4:      layout_rooms, gammafunk_ghost_necromancy, serial_shops, shop,
          nicolae_shop_stone, uniq_menkaure, uniq_sigmund
D:5:      layout_gridville, serial_shops, nicolae_shop_behind_doors,
          enter_ossuary_1
D:6:      layout_loops_corners, grunt_temple_overflow_open,
          okawaru_ov_weapons_minmay
D:7:      layout_basic, nicolae_ru_awakened_eye, lemuel_crystal_altar,
          chequers_temple_overflow_statue_of_worship,
          minmay_temple_entry_slanted, feat_on_display
D:8:      layout_basic, kiku_gazebo_garden_becter, uniq_gastronok, uniq_pikel
D:9:      lemuel_flame_loot_2, layout_layer_cave, marbit_many_paths,
          minmay_lair_entry_grove, orc_0_dummy, grunt_pizzeria
Temple:   nicolae_temple_figure_eight
Ossuary:  minmay_ossuary_two_tombs

Skill      XL: |  1  2  3  4  5  6  7  8  9 10 |
---------------+-------------------------------+-----
Axes           | 4 5 6 7 9 11 12 | 12.7
Armour         | 1 2 3 4 6 7 8 |  8.8
Fighting       | 3 4 5 6 8 9 |  9.2
Dodging        | 4 5 6 7 8 |  8.8
Throwing       | |  2.0

Action                   |  1- 3 |  4- 6 |  7- 9 | 10-12 || total
-------------------------+-------+-------+-------+-------++-------
Melee: War axe           |    59 |    30 |   339 |   121 ||   549
       Headbutt          |     4 |     8 |    79 |    28 ||   119
Throw: Throwing net      |       |     2 |     1 |     1 ||     4
  Use: Scroll            |     1 |       |     9 |       ||    10
       Potion            |       |     1 |     1 |     4 ||     6
 Stab: Held in net/web   |       |     2 |       |     5 ||     7
       Sleeping          |       |       |     1 |       ||     1
  Eat: Chunk             |       |     1 |     9 |     2 ||    12
       Ration            |       |       |     2 |     1 ||     3
Armor: Leather armour    |    20 |     5 |    37 |    20 ||    82
Dodge: Dodged            |    58 |    24 |   260 |    78 ||   420
Block: Buckler           |       |       |     6 |    30 ||    36

Table legend:
 A = Non-vault XP
 B = Vault XP
 C = Vault XP percentage of total XP
 D = Non-vault monster count
 E = Vault monster count
 F = Vault count percentage of total count
                 A         B        C        D         E       F
            +---------+---------+-------+---------+---------+-------
      Total |    6848 |    2932 |  30.0 |     157 |      42 |  21.1
            +---------+---------+-------+---------+---------+-------
        D:1 |      10 |       0 |   0.0 |       7 |       0 |   0.0
        D:2 |       2 |       0 |   0.0 |       2 |       0 |   0.0
        D:3 |      69 |       4 |   5.5 |      25 |       2 |   7.4
        D:4 |     468 |     400 |  46.1 |      14 |       3 |  17.6
        D:5 |     257 |       0 |   0.0 |      14 |       0 |   0.0
        D:6 |     862 |       0 |   0.0 |      22 |       0 |   0.0
        D:7 |    1131 |       0 |   0.0 |      26 |       0 |   0.0
        D:8 |    3360 |    2255 |  40.2 |      34 |       1 |   2.9
        D:9 |     689 |       0 |   0.0 |      13 |       0 |   0.0
    Ossuary |       0 |     273 | 100.0 |       0 |      36 | 100.0
            +---------+---------+-------+---------+---------+-------
